AoeStats
← 739697286

Nomad

509623385Analyzed
4v4 RM · 6d ago on Sep 27, 2026· 25m 52s· 8 players
Game mode
Random Map
Map size
231×231
Population
200
Speed
Normal
Resources
Standard
Victory
Conquest
Starting age
Dark Age
Ending age
Imperial Age
RankedLock teamsTeams togetherTeam positionsShared explorationLock speedFull tech treeHidden civsTurbo modeCheats
Victory
Defeat
🇩🇪 Italians · Germany
1628
+12
🇻🇳 Spanish · Vietnam
1551
+15
🇻🇳 Dravidians · Vietnam
1533
+16
1486
+17
🇪🇸 Poles · Spain
1553
-16
🇧🇷 Varangians · Brazil
1532
-15
🇭🇰 Danes · Hong Kong SAR China
1529
-15
🇨🇳 Persians · China
1504
-14
SeiyaPegasus
5:17 Loom
13:52 Feudal Age
17:32 Castle Age
15:34 Double-Bit Axe
19:00 Fletching
19:46 Bodkin Arrow
Glaki
5:26 Loom
12:32 Feudal Age
13:10 Double-Bit Axe
14:50 Horse Collar
20:56 Castle Age
19:54 Fishing Lines
22:32 Bow Saw
22:23 Heavy Plow
24:36 Wheelbarrow
23:47 Town Watch
25:01 Forging
739697286
5:39 Loom
12:55 Feudal Age
16:40 Double-Bit Axe
22:11 Castle Age
20:50 Wheelbarrow
20:22 Horse Collar
22:58 Heavy Plow
Yan
11:50 Feudal Age
12:20 Double-Bit Axe
12:23 Loom
13:19 Fishing Lines
14:24 Town Watch
22:59 Castle Age
21:26 Fletching
24:29 Medium Warships
adrimelli
4:51 Loom
13:40 Feudal Age
14:41 Fishing Lines
14:47 Double-Bit Axe
17:48 Castle Age
16:09 Forging
16:07 Gold Mining
18:53 Medium Warships
19:17 Bow Saw
20:27 Iron Casting
21:27 Clinker Construction
21:31 Gillnets
25:04 Wheelbarrow
25:26 Stone Mining
26:15 Hand Cart
luanb10
8:09 Loom
14:25 Feudal Age
18:11 Castle Age
19:27 Double-Bit Axe
26:54 Wheelbarrow
timembh
4:59 Loom
12:08 Feudal Age
16:34 Castle Age
16:07 Fletching
16:37 Crossbowman
18:28 Town Watch
18:47 Double-Bit Axe
21:07 Horse Collar
23:18 Padded Archer Armor
Ares_Hong Bang- Trieu Dynasty
4:27 Loom
13:10 Feudal Age
14:41 Wheelbarrow
17:54 Castle Age
16:25 Double-Bit Axe
16:35 Stone Mining
18:40 Fletching
Connection lost

Rejoining the realm…

Still unreachable

The connection could not be restored.

Session expired

The server has moved on; the page needs a fresh start.